 Dungeon Crawl Stone Soup version 0.30.1-11-g7821555f0a (webtiles) character file.

Game seed: 115871698112045383

682 rumournova the Ducker (level 7, -2/56 HPs)
             Began as a Gnoll Wanderer on Nov 18, 2023.
             Was a Believer of Cheibriados.
             Slain by a troll (8 damage)
             ... on level 5 of the Dungeon.
             The game lasted 00:23:34 (5446 turns).

rumournova the Ducker (Gnoll Wanderer)              Turns: 5446, Time: 00:23:34

Health: -2/56      AC:  7    Str: 14      XL:     7   Next: 61%
Magic:  10/13      EV: 15    Int: 19      God:    Cheibriados [**....]
Gold:   345        SH:  5    Dex: 20 (24) Spells: 13/14 levels left

rFire   . . .        q - +0 hand axe (spect)
rCold   + . .        (no shield)
rNeg    . . .        l - +0 leather armour
rPois   .            (no helmet)
rElec   .            s - +0 cloak
rCorr   .            b - +2 pair of gloves
SInv    .            (no boots)
Will    .....        u - amulet of reflection
Stlth   +++          o - ring of protection from cold
HPRegen 0.29/turn    w - +6 ring of dexterity
MPRegen 0.13/turn

%: reflection
@: very slow
A: fangs 1, strong nose, distributed training, deterioration 2, teleportitis 1
a: Renounce Religion, Bend Time


You were on level 5 of the Dungeon.
You worshipped Cheibriados.
Cheibriados was pleased with you.
You visited 1 branch of the dungeon, and saw 5 of its levels.
You also visited: Sewer.

You collected 345 gold pieces.

Inventory:

Hand Weapons
 i - a +1 spear
 m - a +1 mace of venom
 q - a +0 spectral hand axe (weapon)
Missiles
 r - 2 atropa-tipped darts
 y - a boomerang of dispersal
Armour
 b - a +2 pair of gloves (worn)
 l - a +0 leather armour (worn)
 s - a +0 cloak (worn)
Jewellery
 o - a ring of protection from cold (left hand)
 t - a +6 ring of intelligence
 u - an amulet of reflection (around neck)
 v - a +6 ring of intelligence
 w - a +6 ring of dexterity (right hand)
Wands
 g - a wand of paralysis (2)
Scrolls
 d - 2 scrolls of amnesia
 h - 2 scrolls of magic mapping
 j - a scroll of silence {unknown}
 n - a scroll of teleportation
 p - a scroll of enchant weapon
Potions
 a - a potion of brilliance
 c - 3 potions of lignification
 e - 2 potions of attraction
 f - 4 potions of haste
 x - a potion of degeneration


   Skills:
 + Level 5.3 Fighting
 + Level 2.7 Short Blades
 + Level 2.7 Long Blades
 + Level 2.7 Axes
 + Level 2.7 Maces & Flails
 + Level 2.7 Polearms
 + Level 2.7 Staves
 + Level 2.7 Ranged Weapons
 + Level 2.7 Throwing
 + Level 2.7 Armour
 + Level 5.3 Dodging
 + Level 5.0 Stealth
 + Level 2.7 Shields
 + Level 2.7 Unarmed Combat
 + Level 4.0 Spellcasting
 + Level 2.2 Conjurations
 + Level 2.2 Hexes
 + Level 2.2 Summonings
 + Level 2.2 Necromancy
 + Level 2.2 Translocations
 + Level 2.2 Transmutations
 + Level 2.2 Fire Magic
 + Level 2.2 Ice Magic
 + Level 4.4 Air Magic
 + Level 2.2 Earth Magic
 + Level 2.2 Poison Magic
 + Level 4.0 Invocations
 + Level 2.7 Evocations


You had 13 spell levels left.
You knew the following spells:

 Your Spells              Type           Power      Damage    Failure   Level
a - Shock                 Conj/Air       64%        1d7       4%          1

Your spell library contained the following spells:

 Spells                   Type           Power      Damage    Failure   Level
 Static Discharge         Conj/Air       32%        2-4/arc   6%          2
 Apportation              Tloc           24%        N/A       7%          1
 Necrotise                Necr           48%        1d6       7%          1
 Summon Small Mammal      Summ           48%        N/A       7%          1
 Airstrike                Air            10%        2d(2-18)  26%         4
 Summon Lightning Spire   Summ/Air       16%        N/A       38%         4


Dungeon Overview and Level Annotations

Branches:
Dungeon (5/15)              Sewer (visited)
 Temple: D:4-7

Altars:
Cheibriados
Elyvilon
Gozag
Makhleb
Nemelex Xobeh
Okawaru
Ru
Wu Jian
Zin


Innate Abilities, Weirdness & Mutations

You have very sharp teeth.
Your uncanny sense of smell can sniff out nearby items.
Your experience applies equally to all skills.
Your body often deteriorates upon taking damage.
You are occasionally teleported next to monsters.


Message History

Your +0 spectral hand axe hits the troll.
Your +0 spectral hand axe hits the ogre.
The troll barely misses you. x2; The troll claws you.
Your body deteriorates!
You feel clumsy.
The ogre hits your +0 spectral hand axe with a +0 giant club!
Your spectral weapon shares its damage with you!
Your body deteriorates!
You feel clumsy. The troll barely misses you. The troll claws you.
* * * LOW HITPOINT WARNING * * *
You block the troll's attack.
You feel better.
Your +0 spectral hand axe disappears.
The troll closely misses you. The troll claws you!
* * * LOW HITPOINT WARNING * * *
Your body deteriorates!
You feel dopey. You block the troll's attack.
You completely miss the ogre.
The ogre is almost dead.
You hit the troll but do no damage.
Your +0 spectral hand axe hits the ogre.
You kill the ogre!
Your +0 spectral hand axe hits the troll but does no damage.
Your +0 spectral hand axe hits the troll.
The troll bites you.
* * * LOW HITPOINT WARNING * * *
You block the troll's attack. The troll claws you.
* * * LOW HITPOINT WARNING * * *
You feel your intelligence returning.
Your Stealth skill increases to level 5!
Your Spellcasting skill increases to level 4!
Your Invocations skill increases to level 4!
Your +0 spectral hand axe disappears.
The troll bites you but does no damage. The troll closely misses you.
The troll completely misses you.
Things that are here:
a +0 giant club; an ogre corpse The troll misses you.
The troll closely misses you. The troll claws you.
* * * LOW HITPOINT WARNING * * *
The troll bites you!
You die...

#......# ##....#####
#......##### #..........
#..........# #..........
#.........<# #..........
#..........######.........
#..........#...##.........
#..........#...##....###..
#..........#...##.######..
#........@.#(..##.....#...
#####...T).#...##.....#...
#......#..........##..
#......#..........##..
#......#...##.######..
#......##.##.......#..
###'#..............#..
...#..............#..
.....#..............###


You could see a troll.

Vanquished Creatures
  An ogre (D:5)
  2 phantoms
  A bullfrog (Sewer)
  A jelly (D:5)
  A scorpion (D:4)
  A hound (D:5)
  An orc wizard (D:5)
  4 gnolls (D:4)
  6 adders
  3 worms
  4 dart slugs
  4 orcs (D:5)
  4 endoplasms
  12 giant cockroaches
  10 goblins
  7 hobgoblins
  3 jackals (D:4)
  3 kobolds
  10 quokkas
  11 ball pythons
  6 bats
  7 frilled lizards
  8 rats
110 creatures vanquished.

Notes
Turn   | Place    | Note
-------+----------+-------------------------------------------
     0 | D:1      | rumournova the Gnoll Wanderer began the quest for the Orb.
     0 | D:1      | rumournova set off with the following items: a +0 dagger, a
                  | +0 pair of gloves, a potion of lignification, a +0 robe, a
                  | potion of attraction; and the following spell memorised:
                  | Shock; and the following spells available to memorise:
                  | Static Discharge, Summon Lightning Spire.
     0 | D:1      | Reached XP level 1. HP: 20/20 MP: 4/4
   195 | D:1      | Reached XP level 2. HP: 23/26 MP: 5/5
   817 | D:1      | Reached XP level 3. HP: 18/31 MP: 7/7
  1896 | D:3      | Reached skill level 1 in Short Blades
  1896 | D:3      | Reached skill level 1 in Long Blades
  1896 | D:3      | Reached skill level 1 in Axes
  1896 | D:3      | Reached skill level 1 in Maces & Flails
  1896 | D:3      | Reached skill level 1 in Polearms
  1896 | D:3      | Reached skill level 1 in Staves
  1896 | D:3      | Reached skill level 1 in Ranged Weapons
  1896 | D:3      | Reached skill level 1 in Throwing
  1896 | D:3      | Reached skill level 1 in Armour
  1896 | D:3      | Reached skill level 1 in Shields
  1896 | D:3      | Reached skill level 1 in Unarmed Combat
  1896 | D:3      | Reached skill level 1 in Evocations
  2012 | D:3      | Found a snail-covered altar of Cheibriados.
  2026 | D:3      | Became a worshipper of Cheibriados the Contemplative
  2217 | D:3      | Reached XP level 4. HP: 38/38 MP: 8/8
  2409 | D:3      | Reached skill level 1 in Conjurations
  2409 | D:3      | Reached skill level 1 in Hexes
  2409 | D:3      | Reached skill level 1 in Summonings
  2409 | D:3      | Reached skill level 1 in Necromancy
  2409 | D:3      | Reached skill level 1 in Translocations
  2409 | D:3      | Reached skill level 1 in Transmutations
  2409 | D:3      | Reached skill level 1 in Fire Magic
  2409 | D:3      | Reached skill level 1 in Ice Magic
  2409 | D:3      | Reached skill level 1 in Earth Magic
  2409 | D:3      | Reached skill level 1 in Poison Magic
  2525 | D:3      | Identified a scroll of acquirement
  2525 | D:3      | Acquired a ring of protection from cold
  2606 | D:3      | Found an iron altar of Okawaru.
  2922 | D:4      | Found a sacrificial altar of Ru.
  2933 | D:4      | Noticed a scorpion
  2946 | D:4      | Gained mutation: Your body sometimes deteriorates upon
                  | taking damage. [potion of mutation]
  2946 | D:4      | Gained mutation: Your body often deteriorates upon taking
                  | damage. [potion of mutation]
  2946 | D:4      | Gained mutation: You are occasionally teleported next to
                  | monsters. [potion of mutation]
  2949 | D:4      | Killed a scorpion
  2950 | D:4      | Reached XP level 5. HP: 9/43 MP: 9/9
  3094 | D:4      | Reached * piety under Cheibriados
  3168 | D:4      | Found a glowing drain.
  3172 | Sewer    | Entered a sewer
  3262 | Sewer    | Reached XP level 6. HP: 34/50 MP: 9/11
  3336 | Sewer    | Reached skill level 5 in Fighting
  3336 | Sewer    | Reached skill level 5 in Dodging
  3899 | D:4      | Reached ** piety under Cheibriados
  4045 | D:4      | Found a burning altar of Makhleb.
  4159 | D:4      | Found an ornate altar of the Wu Jian Council.
  4421 | D:5      | Entered Level 5 of the Dungeon
  4622 | D:5      | Found a glowing silver altar of Zin.
  4631 | D:5      | Found an opulent altar of Gozag.
  4722 | D:5      | Found a sparkling altar of Nemelex Xobeh.
  4791 | D:5      | Reached XP level 7. HP: 54/56 MP: 12/12
  4826 | D:5      | Noticed a troll
  5125 | D:5      | Found a white marble altar of Elyvilon.
  5445 | D:5      | Reached skill level 5 in Stealth
  5446 | D:5      | Slain by a troll

Illustrated notes

Levels and vault maps discovered:
D:1:      dpeg_chamrin_arrival_tetris, layout_loops_cross
D:2:      layout_loops_corners
D:3:      layout_loops_ring, hellmonk_okawaru_the_only_friend_you_need,
          old_standard_altar, minmay_misc_feat_nine_boxes, minmay_diced_spiral
D:4:      layout_layer_cave, lemuel_round_altar, kennysheep_mini,
          nzn_wu_jian_council_hall, gup_sewer_entry_spiral, nicolae_hexahallways
D:5:      layout_gridville, mainiacjoe_overflow_surrounded_room,
          amcnicky_altar_gilded, nemelex_xobeh_ov_fountains_minmay,
          nicolae_gozag_seed_capital, minmay_crystal_water, minmay_circle_x

Skill      XL: |  1  2  3  4  5  6  7 |
---------------+----------------------+-----
Short Blades   | 1 2 |  2.7
Long Blades    | 1 2 |  2.7
Axes           | 1 2 |  2.7
Maces & Flails | 1 2 |  2.7
Polearms       | 1 2 |  2.7
Staves         | 1 2 |  2.7
Ranged Weapons | 1 2 |  2.7
Throwing       | 1 2 |  2.7
Armour         | 1 2 |  2.7
Shields        | 1 2 |  2.7
Unarmed Combat | 1 2 |  2.7
Evocations     | 1 2 |  2.7
Spellcasting   | 3 4 |  4.0
Conjurations   | 1 2 |  2.2
Hexes          | 1 2 |  2.2
Summonings     | 1 2 |  2.2
Necromancy     | 1 2 |  2.2
Translocations | 1 2 |  2.2
Transmutations | 1 2 |  2.2
Fire Magic     | 1 2 |  2.2
Ice Magic      | 1 2 |  2.2
Earth Magic    | 1 2 |  2.2
Poison Magic   | 1 2 |  2.2
Air Magic      | 4 |  4.4
Invocations    | 3 4 |  4.0
Fighting       | 5 |  5.3
Dodging        | 5 |  5.3
Stealth        | 5 |  5.0

Action                     |  1- 3 |  4- 6 |  7- 9 || total
---------------------------+-------+-------+-------++-------
  Melee: Dagger            |    55 |       |       ||    55
         Bite              |    20 |    27 |     4 ||    51
         Punch             |     1 |     2 |     2 ||     5
         Spear             |   151 |    47 |       ||   198
         Hand axe          |       |   195 |    28 ||   223
 Invoke: Bend Time         |       |       |     1 ||     1
  Evoke: Wand              |       |       |     1 ||     1
    Use: Scroll            |    12 |     4 |     4 ||    20
         Potion            |       |     4 |     1 ||     5
   Stab: Sleeping          |     7 |     5 |     1 ||    13
         Distracted        |     1 |       |     2 ||     3
         Paralysed         |       |       |     6 ||     6
 Armour: Robe              |    41 |       |       ||    41
         Leather armour    |    23 |   124 |    19 ||   166
  Dodge: Dodged            |   164 |   270 |    56 ||   490
  Block: Other             |       |    19 |    17 ||    36
